 Dungeon Crawl Stone Soup version 0.30-a0-2-gf48d83f5e2 (webtiles) character file.

Game seed: 4101910085624880063

131 leavemydog the Conjurer (level 4, -3/24 HPs)
             Began as a Deep Elf Conjurer on Aug 19, 2022.
             Slain by a gnoll
             ... wielding a +0 spear
              (8 damage)
             ... on level 2 of the Dungeon.
             The game lasted 00:03:21 (2298 turns).

leavemydog the Conjurer (Deep Elf Conjurer)         Turns: 2298, Time: 00:03:22

Health: -3/24      AC:  2    Str:  4    XL:     4   Next: 91%
Magic:  1/11       EV: 12    Int: 25    God:
Gold:   165        SH:  0    Dex: 13    Spells: 7/10 levels left

rFire   . . .      SeeInvis .    g - staff of air
rCold   . . .      Faith    .    (no shield)
rNeg    . . .      Spirit   .    a - +0 robe
rPois   .          Reflect  .    (no helmet)
rElec   +          Harm     .    (no cloak)
rCorr   .          Rampage  .    (no gloves)
Will    .....                    (no boots)
Stlth   ++........               (no amulet)
HPRegen 0.08/turn                h - ring of wizardry
MPRegen 0.12/turn                (no ring)

@: no status effects
A: no striking features
a: no special abilities


You were on level 2 of the Dungeon.
You visited 1 branch of the dungeon, and saw 2 of its levels.

You collected 165 gold pieces.

Inventory:

Missiles
 i - a throwing net
Armour
 a - a +0 robe (worn)
Magical Staves
 g - a staff of air (weapon)
Jewellery
 h - a ring of wizardry (left hand)
Scrolls
 d - 5 scrolls of identify {unknown}
 e - 4 scrolls of enchant armour {unknown}
 j - a scroll of silence {unknown}
Potions
 b - 2 potions of magic
 c - a potion of lignification
 f - a potion of ambrosia {unknown}
 k - a potion of attraction {unknown}
 l - a potion of resistance {unknown}
 m - a potion of heal wounds {unknown}


   Skills:
 + Level 0.2 Fighting
 - Level 2.4 Dodging
 - Level 2.4 Stealth
 + Level 3.9 Spellcasting
 + Level 6.4 Conjurations


You had 7 spell levels left.
You knew the following spells:

 Your Spells              Type           Power      Damage    Failure   Level
a - Magic Dart            Conj           100%       1d8       1%          1
b - Searing Ray           Conj           74%        2d7       1%          2

Your spell library contained the following spells:

 Spells                   Type           Power      Damage    Failure   Level
 Dazzling Flash           Conj/Hex       42%        N/A       3%          3
 Fulminant Prism          Conj/Hex       10%        3d9       10%         4
 Iskenderun's Mystic Bla  Conj/Tloc      21%        2d6       10%         4


Dungeon Overview and Level Annotations

Branches:
Dungeon (2/15)

Altars:


Message History

Press: ? - help, Shift-Dir - straight line, f/p - gnoll
Aim: a gnoll, wielding a +0 whip (heavily wounded, 100% to hit)
The magic dart hits the gnoll.
The gnoll is severely wounded.
A gnoll comes into view. It is wielding a +0 spear.
The gnoll shouts!
You hit the gnoll but do no damage.
The gnoll is severely wounded.
The gnoll hits you but does no damage.
You barely miss the gnoll.
The gnoll is severely wounded.
Your transformation is almost over.
The gnoll hits you but does no damage.
You barely miss the gnoll.
The gnoll is severely wounded.
The gnoll barely misses you.
You hit the gnoll.
The gnoll is almost dead.
The gnoll hits you but does no damage. x3
You closely miss the gnoll.
The gnoll is almost dead.
The gnoll hits you but does no damage. The gnoll barely misses you.
Casting: Magic Dart (safe; 1% risk of failure)
Confirm with . or Enter, or press ? or * to list all spells.
Okay, then.
You completely miss the gnoll.
The gnoll is almost dead.
The gnoll hits you but does no damage. x2
You closely miss the gnoll.
The gnoll is almost dead.
The gnoll hits you but does no damage. x2
You closely miss the gnoll.
The gnoll is almost dead.
The gnoll hits you but does no damage. x2
You hit the gnoll.
You kill the gnoll!
You feel less wooden.
Your +0 robe unmelds from your body.
The gnoll hits you from afar with a +0 spear!
You die...

####.##......#.######......#.#
#.######.........+......#.#
#..## #...#######.....##.#
##..####.#.# ########.#
##.....>#.# #.# ########.# #..
#.# ### #.# #@#########
#.)g)...... #.######### ###


You could see a gnoll.

Vanquished Creatures
  A gnoll bouda (D:2)
  6 gnolls (D:2)
  An adder (D:2)
  A worm (D:2)
  An orc (D:2)
  5 endoplasms
  A giant cockroach (D:2)
  3 goblins
  3 hobgoblins
  3 kobolds
  5 ball pythons
  3 bats (D:2)
  11 frilled lizards
  4 rats
48 creatures vanquished.

Notes
Turn   | Place    | Note
-------+----------+-------------------------------------------
     0 | D:1      | leavemydog the Deep Elf Conjurer began the quest for the
                  | Orb.
     0 | D:1      | Reached XP level 1. HP: 10/10 MP: 6/6
   186 | D:1      | Reached XP level 2. HP: 15/15 MP: 5/8
   189 | D:1      | Learned a level 2 spell: Searing Ray
   578 | D:1      | Reached skill level 5 in Conjurations
   676 | D:1      | You fall into a shaft and drop 1 floor!
   731 | D:2      | Reached XP level 3. HP: 15/19 MP: 0/9
   918 | D:2      | Reached skill level 6 in Conjurations
   918 | D:2      | Reached XP level 4. HP: 24/24 MP: 0/11
  2298 | D:2      | Slain by a gnoll

Illustrated notes

Levels and vault maps discovered:
D:1:      evilmike_arrival_rings, layout_loops_corners, serial_forest,
          infiniplex_forest_pool, infiniplex_forest_corner_2,
          infiniplex_forest_lined_corner, infiniplex_forest_clump_small,
          infiniplex_forest_diagonal, infiniplex_forest_straight_4,
          infiniplex_forest_straight_3, minmay_misc_feat_square,
          minmay_lizard_pond
D:2:      layout_basic, hex_medium, minmay_tall_x

Skill      XL: |  1  2  3 |
---------------+----------+-----
Conjurations   | 5 6 |  6.4
Fighting       | |  0.2
Dodging        | |  2.4
Stealth        | |  2.4
Spellcasting   | |  3.9

Action                   |  1- 3 |  4- 6 || total
-------------------------+-------+-------++-------
Melee: Unarmed           |     4 |       ||     4
       Staff             |       |    14 ||    14
 Cast: Magic Dart        |    40 |    45 ||    85
       Searing Ray       |     2 |     1 ||     3
  Use: Potion            |       |     1 ||     1
Armor: Skin              |       |    13 ||    13
       Robe              |       |     1 ||     1
Dodge: Dodged            |     7 |    10 ||    17

Table legend: (Time is in decaauts)
 A = Elapsed time spent in this place.
 B = Non-inter-level travel time spent in this place.
 C = Inter-level travel time spent in this place.
 D = Time resting spent in this place.
 E = Time spent auto-exploring this place.
 F = Levels seen in this place.
 G = Mean time per level.
                   A        B        C        D        E       F      G
               +--------+--------+--------+--------+--------+-----+--------+
         Total |   2302 |   2250 |     52 |    417 |   1593 |   2 | 1151.0 |
       Dungeon |   2302 |   2250 |     52 |    417 |   1593 |   2 | 1151.0 |
               +--------+--------+--------+--------+--------+-----+--------+

Top non-repeatable levels by time:
     D:1: 1422 daAuts
     D:2: 879 daAuts
